 Dungeon Crawl Stone Soup version 0.18.1-50-g88ac8fd (webtiles) character file.

448674 RepoMan the Executioner (level 25, -5/205 HPs)
             Began as a Formicid Fighter on Sept 2, 2016.
             Was the Champion of the Shining One.
             Killed by the air
             ... invoked by a titan
              (19 damage)
             ... on level 5 of the Vaults on Sept 14, 2016.
             The game lasted 08:04:57 (53293 turns).

RepoMan the Executioner (Formicid Fighter)         Turns: 53293, Time: 08:04:58

Health: -5/205     AC: 34    Str: 34    XL:     25   Next: 44%
Magic:  0/34       EV: 14    Int: 11    God:    the Shining One [******]
Gold:   1994       SH: 18    Dex: 15    Spells: 0 memorised, 24 levels left

rFire  + . .     SeeInvis +     t - +4 battleaxe of Fragile Peace {freeze, MR+}
rCold  . . .     Gourm    .     D - +0 crystal plate armour
rNeg   + + +     Faith    .     G - +3 shield of Patience {Slay+5}
rPois  +         Spirit   +     (helmet unavailable)
rElec  .         Dismiss  .     F - +1 cloak of the Eight Orbs {Str+2}
rCorr  .         Reflect  .     M - +1 pair of gloves
SustAt .         Harm     .     I - +1 pair of boots {Fly}
MR     +++..                    q - amulet of guardian spirit
Stlth  ..........               v - ring of protection from fire
                                a - ring of poison resistance

@: mighty, glowing, extremely resistant to hostile enchantments, extremely
unstealthy
A: permanent stasis, dig shafts and tunnels, four strong arms, antennae 3,
strong 1
a: Dig, Shaft Self, Divine Shield, Cleansing Flame, Summon Divine Warrior, Brand
Weapon With Holy Wrath, Renounce Religion, Evoke Flight
}: 2/15 runes: decaying, serpentine


You were on level 5 of the Vaults.
You worshipped the Shining One.
The Shining One was exalted by your worship.
You were not hungry.

You visited 8 branches of the dungeon, and saw 41 of its levels.
You visited the Abyss 1 time.
You also visited: Sewer, Ossuary, Bailey, Ice Cave and Volcano.

You collected 4175 gold pieces.
You spent 2146 gold pieces at shops.
You donated 35 gold pieces to Zin.

Inventory:

Hand Weapons
 t - the +4 battleaxe of Fragile Peace (weapon) {freeze, MR+}
   (You found it on level 1 of the Vaults)

   It has been specially enchanted to freeze those struck by it, causing extra
   injury to most foes and up to half again as much damage against particularly
   susceptible opponents.
   It can also slow down cold-blooded creatures.
   It affects your resistance to hostile enchantments.
 V - a +2 arbalest of evasion
 X - the +9 war axe "Newtslayer" {holy, Str+6}
   (You found it on level 3 of the Vaults)

   It has been blessed by the Shining One to cause great damage to the undead
   and demons.
   It affects your strength (+6).
Missiles
 u - 5 throwing nets (quivered)
 J - 1174 bolts
Armour
 e - a storm dragon hide
 p - a shadow dragon hide
 D - a +0 crystal plate armour (worn)
 F - the +1 cloak of the Eight Orbs (worn) {Str+2}
   (You found it on level 4 of the Dungeon)

   It affects your strength (+2).
 G - the +3 shield of Patience (worn) {Slay+5}
   (You found it on level 6 of the Lair of Beasts)

   It affects your accuracy and damage with ranged weapons and melee attacks
   (+5).
 I - a +1 pair of boots of flying (worn)
 M - a +1 pair of gloves (worn)
Jewellery
 a - a ring of poison resistance (left hand)
 l - an uncursed ring of resist corrosion
 q - an amulet of guardian spirit (around neck)
 v - a ring of protection from fire (right hand)
Wands
 r - a wand of acid (9/15)
 Y - a wand of iceblast (7/15)
 Z - a wand of heal wounds (6/9)
Scrolls
 c - 2 scrolls of holy word
 i - 15 scrolls of identify
 k - 10 scrolls of immolation
 m - 2 scrolls of silence
 n - 14 scrolls of remove curse
 o - a scroll of brand weapon
 x - a scroll of fear
 H - 2 scrolls of recharging
 K - 3 scrolls of magic mapping
 N - a scroll of summoning
 P - 3 scrolls of fog
Potions
 d - 3 potions of cancellation
 h - 3 potions of cure mutation
 s - 18 potions of curing
 L - 3 potions of magic
 Q - a potion of ambrosia
 T - a potion of resistance
Miscellaneous
 O - a phial of floods
 U - a fan of gales (inert)
Comestibles
 f - 10 bread rations
 j - 11 meat rations


   Skills:
 + Level 18.4 Fighting
 * Level 23.5 Axes
 - Level 9.0 Crossbows
 + Level 19.0 Armour
 + Level 13.0 Dodging
 + Level 15.1 Shields
 + Level 15.9 Invocations


You had 24 spell levels left.
You didn't know any spells.

Dungeon Overview and Level Annotations

Branches:
Dungeon (15/15)            Temple (1/1) D:7            Lair (8/8) D:8
  Swamp (4/4) Lair:6        Snake (4/4) Lair:5        Slime (0/6) Lair:8
    Orc (2/2) D:12            Elf (2/3) Orc:2        Vaults (5/5) D:14
  Crypt (0/3) Vaults:3     Depths (0/5) D:15

Altars:
Ashenzari
Cheibriados
Dithmenos
Elyvilon
Fedhas
Gozag
Kikubaaqudgha
Makhleb
Nemelex Xobeh
Okawaru
Pakellas
Qazlal
Ru
Sif Muna
Trog
Vehumet
Xom
Yredelemnul
Zin
The Shining One
Jiyva

Shops:
D:8 !   Orc:2 =([*   Snake:4 *   Vaults:2 *   Vaults:5 (

Annotations:
Vaults:5 Jory, Mennas


Innate Abilities, Weirdness & Mutations

You are under a permanent stasis effect.
You can dig through walls and to a lower floor.
Your four strong arms can wield two-handed weapons with a shield.
You have a pair of large antennae on your head (SInv).
Your muscles are strong. (Str +2)


Message History

You see here a potion of invisibility.
Unknown command.
The shadow dragon's inner flame fades away.
The frost giant seems less brilliant.
The ogre mage hits you but does no damage. x2
The ogre mage hits you with a whip.
* * * LOW HITPOINT WARNING * * *
You block the ogre mage's attack.
The sentinel's mark upon you fades away.
The ogre mage misses you. You block the ogre mage's attack.
Found a glowing war axe, 52 gold pieces, 19 stones and a runed short sword.
The ogre mage casts a spell at you. You resist with almost no effort.
Found 8 poisoned tomahawks.
The ogre mage casts a spell at you. You resist with almost no effort.
The titan waves its arms in wide circles.
The air twists around and strikes you!
You die...

.....##...#{{{{#§##...#
.......DA##{{..#{§##...#
........###{{{p#{{{##...
...###Xe###..(.##{{.##..
##(##C.##.{.{#{#...##.
#($)'...#.{{.#{{#C..##
##)##..##...{#{{{#O..#
...###.O###...{#{.{{#.$.
.......@# #B...#{{...#..
.........##.≈.o#{{{...#.
.....##...#C.≈h#pC.....#
....# ##..#..{.#.c....X.
.... ##..#.{.c#........
... ##...#...{#O.......
.# .....#..{{#.)......
......{{{{C........
########C.{C{{p.#######


You could see Mennas, a tentacled monstrosity, a titan, a golden dragon, a deep
elf sorcerer and an ogre mage.

Vanquished Creatures
  Boris (Vaults:4)
  Nikola (Swamp:3)
  2 golden dragons (Vaults:5)
  Jorgrun (Vaults:2)
  A lich (Abyss:4)
  A tentacled monstrosity (Vaults:5)
  Asterion (Vaults:2)
  A quicksilver dragon (Vaults:5)
  2 titans (Vaults:5)
  Roxanne (Swamp:3)
  2 shadow dragons
  2 sphinxes
  2 tentacled starspawn (Abyss:4)
  2 tengu reavers
  A storm dragon (Vaults:4)
  2 thorn hunters
  A fire giant (Vaults:3)
  16 greater nagas
  Maud (D:11)
  Donald (Orc:1)
  13 vault wardens
  7 deep elf sorcerers
  4 frost giants
  3 orc warlords
  2 deep elf elementalists (Elf:1)
  18 ironheart preservers
  A starcursed mass (Abyss:3)
  8 stone giants
  5 deep elf demonologists
  8 very ugly things
  3 deep elf annihilators
  4 salamander stormcallers
  7 dire elephants
  2 crystal guardians
  5 ettins
  4 deep elf death magi
  2 deep elf high priests (Vaults:5)
  31 vault guards
  A fire dragon (Vaults:2)
  9 ogre magi
  A great orb of eyes (shapeshifter) (Vaults:3)
  2 rakshasas
  6 yaktaur captains
  25 naga warriors
  Harold (Lair:4)
  3 ice dragons
  2 great orbs of eyes (Vaults:2)
  29 hydras
  7 anacondas
  A ghost crab (Swamp:3)
  9 centaur warriors
  3 death knights
  The ghost of SaintRoka the Grappler, a novice TrMo of Okawaru (Bailey)
  25 dancing weapons
  Erica (Orc:1)
  7 death yaks
  An alligator (shapeshifter) (Vaults:5)
  3 alligators
  2 deep troll earth magi (Vaults:4)
  17 naga sharpshooters
  9 shock serpents
  An orc high priest (Orc:2)
  The ghost of Thael the Fighter, a novice MiBe of Trog (D:6)
  27 deep elf knights
  A spatial maelstrom (Abyss:4)
  A fire crab (Vaults:4)
  4 salamander mystics
  5 skeletal warriors (Vaults:2)
  2 shadow wraiths
  A death drake (shapeshifter) (Vaults:5)
  3 spriggan druids
  5 unseen horrors
  4 deep trolls (Vaults:4)
  An unseen horror (shapeshifter) (Vaults:4)
  10 naga ritualists
  2 shambling mangroves
  12 swamp dragons
  20 deep elf archers
  A flayed ghost (Vaults:3)
  2 giant orange brains
  4 harpies (Vaults:5)
  19 orc knights
  13 ironbrand convokers
  An anubis guard (shapeshifter) (Vaults:4)
  A human zombie (Vaults:4)
  5 wolf spiders
  2 phantasmal warriors
  A necromancer (Vaults:4)
  4 mana vipers
  5 orc sorcerers
  2 wizards
  4 cyclopes
  12 hill giants
  5 griffons
  A wolf spider (shapeshifter) (Vaults:4)
  A griffon (shapeshifter) (Vaults:4)
  70 deep elf magi
  An orb spider (shapeshifter) (D:14)
  A shining eye (shapeshifter) (Vaults:3)
  2 salamanders (shapeshifter)
  5 hornets
  A faun (shapeshifter) (D:14)
  The ghost of schammes the Covert, a novice OpAs of Dithmenos (D:5)
  10 salamanders
  17 ugly things
  3 oklob plants (Lair:6)
  A manticore (shapeshifter) (Vaults:2)
  2 manticores (D:15)
  Maurice (D:11)
  16 vault sentinels
  4 elephants (Lair:8)
  Joseph (Lair:1)
  32 black mambas
  A guardian serpent (shapeshifter) (D:15)
  An ice statue (D:11)
  A water nymph (shapeshifter) (Vaults:5)
  16 spiny frogs
  7 guardian serpents
  20 naga magi
  2 molten gargoyles (Volcano)
  A gargoyle (D:12)
  2 rime drakes
  3 freezing wraiths
  31 yaktaurs
  6 kobold demonologists
  A yaktaur skeleton (Vaults:4)
  14 komodo dragons
  A jumping spider (Vaults:2)
  4 trolls
  3 ancient zymes (Abyss:4)
  17 two-headed ogres
  8 giant leeches
  38 slime creatures
  14 polar bears (IceCv)
  A raiju (shapeshifter) (Elf:2)
  13 blink frogs
  7 raiju (Abyss:4)
  12 boulder beetles
  4 bog bodies
  8 large abominations
  A stone giant simulacrum (Vaults:3)
  8 redbacks
  3 air elementals
  Sigmund (D:3)
  2 spriggans (Swamp:4)
  33 yaks
  4 shadows
  5 fire elementals
  2 tarantellas (shapeshifter)
  3 water elementals
  3 wyverns
  3 fire bats (Lair:3)
  2 wraiths
  2 hippogriffs (shapeshifter)
  6 basilisks
  28 vampire mosquitoes
  A steam dragon (D:8)
  2 hungry ghosts
  Menkaure (D:6)
  11 hippogriffs
  24 insubstantial wisps
  80 nagas
  22 swamp worms
  4 wargs
  A mottled dragon (D:14)
  A spatial vortex (Abyss:4)
  19 water moccasins
  15 porcupines
  51 orc warriors
  11 swamp drakes
  A black bear (shapeshifter) (D:15)
  2 ice beasts
  6 sky beasts
  A necrophage (D:13)
  An elf zombie (Vaults:4)
  5 phantoms
  8 wasps
  39 ogres
  An eye of draining (shapeshifter) (Elf:2)
  9 boggarts
  47 wolves
  11 centaurs
  12 crocodiles
  A big kobold (shapeshifter) (Vaults:4)
  8 big kobolds
  2 earth elementals
  21 giant frogs
  9 small abominations
  3 scorpions
  11 killer bees (D:11)
  2 human simulacra
  13 wights
  3 electric eels
  A howler monkey (D:12)
  A lava snake (Volcano)
  7 crimson imps
  7 jellies
  7 centaur zombies
  8 hounds
  A yaktaur simulacrum (Vaults:1)
  4 centaur skeletons
  11 orc priests
  21 orc wizards
  10 iguanas
  Jessica (D:3)
  Natasha (thrice) (D:3)
  17 worker ants
  A killer bee zombie (D:10)
  26 sheep
  5 big kobold zombies (Ossuary)
  2 hound zombies
  3 worker ant zombies
  A mummy (Ossuary)
  13 adders
  3 gnolls (D:5)
  A howler monkey skeleton (D:4)
  65 river rats
  3 oozes
  2 adder zombies
  2 adder skeletons
  12 worms
  2 giant geckos
  118 orcs
  5 spectral bats (Ossuary)
  6 bats
  3 giant cockroaches
  7 gnoll zombies (Ossuary)
  14 goblins
  4 hobgoblins
  19 jackals
  8 quokkas
  7 ball pythons
  A ball python skeleton (D:4)
  A bat simulacrum (Ossuary)
  9 giant newts
  7 goblin simulacra (Ossuary)
  4 goblin zombies (Ossuary)
  4 hobgoblin zombies (Ossuary)
  49 kobolds
  3 kobold simulacra (Ossuary)
  6 kobold zombies (Ossuary)
  3 orc zombies (Ossuary)
  36 rats
  6 rat simulacra (Ossuary)
  2 spectral kobolds (Ossuary)
  5 spectral rats (Ossuary)
  A crawling corpse (Vaults:5)
  5 fungi
  7 plants
  A spectral weapon (Vaults:2)
  4 starspawn tentacles (Abyss:4)
2071 creatures vanquished.

Vanquished Creatures (collateral kills)
  Saint Roka (Snake:3)
  An orc sorcerer (Snake:3)
  A salamander (Snake:3)
  2 orc warriors
  An ogre (Snake:3)
  2 orcs
8 creatures vanquished.

Vanquished Creatures (others)
  2 deep elf elementalists
  A deep elf demonologist (Vaults:5)
  An ettin (Vaults:5)
  A vault guard (Vaults:5)
  A naga sharpshooter (Snake:4)
  A deep elf mage (Elf:1)
  A kobold demonologist (Vaults:3)
  3 polar bears (IceCv)
  A basilisk (Lair:8)
  A swamp worm (Swamp:3)
  A boggart (Elf:1)
  5 wolves (IceCv)
  An orc wizard (Vaults:4)
  2 orcs
  A goblin zombie (Ossuary)
  A fire vortex (Vaults:5)
  15 fungi
  8 plants
  3 starspawn tentacles
  42 starspawn tentacle segments
92 creatures vanquished.

Grand Total: 2171 creatures vanquished

Notes
Turn   | Place    | Note
--------------------------------------------------------------
     0 | D:1      | RepoMan the Formicid Fighter began the quest for the Orb.
     0 | D:1      | Reached XP level 1. HP: 18/18 MP: 1/1
   211 | D:1      | Reached XP level 2. HP: 24/24 MP: 2/2
   549 | D:1      | Reached XP level 3. HP: 29/29 MP: 3/3
   742 | D:1      | Reached skill level 3 in Axes
  1073 | D:2      | Found an oddly glowing altar of Pakellas.
  1084 | D:2      | Found a stormy altar of Qazlal.
  1085 | D:2      | Found a radiant altar of Vehumet.
  1087 | D:2      | Found an opulent altar of Gozag.
  1179 | D:2      | Reached XP level 4. HP: 31/35 MP: 4/4
  2330 | D:3      | Noticed Natasha
  2349 | D:3      | Killed Natasha
  2349 | D:3      | Reached skill level 4 in Axes
  2349 | D:3      | Reached XP level 5. HP: 32/41 MP: 5/5
  2449 | D:3      | Reached skill level 5 in Shields
  2557 | D:3      | Noticed Natasha
  2566 | D:3      | Killed Natasha
  2639 | D:3      | Noticed Sigmund
  2652 | D:3      | Reached XP level 6. HP: 33/47 MP: 2/6
  2660 | D:3      | Killed Sigmund
  2660 | D:3      | Reached skill level 5 in Axes
  2660 | D:3      | Reached XP level 7. HP: 21/52 MP: 3/7
  2940 | D:3      | Noticed Jessica
  2947 | D:3      | Killed Jessica
  3260 | D:3      | Found a deep blue altar of Sif Muna.
  3377 | D:3      | Noticed Natasha
  3396 | D:3      | Killed Natasha
  3705 | D:4      | Reached skill level 6 in Axes
  3781 | D:4      | Found a glowing drain.
  3803 | Sewer    | Entered a sewer
  3878 | Sewer    | Reached XP level 8. HP: 53/58 MP: 6/8
  3954 | Sewer    | Reached skill level 5 in Armour
  4439 | D:4      | Got a bloodstained cloak
  4440 | D:4      | Identified the +1 cloak of the Eight Orbs {Str+2} (You found it on level 4 of the Dungeon)
  4491 | D:4      | Reached skill level 7 in Axes
  5000 | D:5      | Entered Level 5 of the Dungeon
  5061 | D:5      | Reached XP level 9. HP: 60/64 MP: 9/9
  5083 | D:5      | Noticed schammes's ghost (novice OpAs)
  5372 | D:5      | Found a glowing silver altar of Zin.
  5372 | D:5      | Noticed an angel
  5378 | D:5      | Became a worshipper of Zin the Law-Giver
  5378 | D:5      | Reached * piety under Zin
  5540 | D:5      | Reached skill level 8 in Axes
  6085 | D:6      | Noticed Thael's ghost (novice MiBe)
  6109 | D:6      | Found a sand-covered staircase.
  6124 | Ossuary  | Entered an ossuary
  6177 | Ossuary  | Reached ** piety under Zin
  6390 | Ossuary  | Reached *** piety under Zin
  7070 | D:6      | Killed Thael's ghost
  7070 | D:6      | Reached skill level 9 in Axes
  7070 | D:6      | Reached XP level 10. HP: 49/70 MP: 2/10
  7234 | D:6      | Noticed Menkaure
  7430 | D:7      | Found an iron altar of Okawaru.
  7439 | D:7      | Found a staircase to the Ecumenical Temple.
  7453 | Temple   | Entered the Ecumenical Temple
  7506 | Temple   | Fell from the grace of Zin
  7506 | Temple   | Became a worshipper of the Shining One
  7506 | Temple   | Reached * piety under the Shining One
  7728 | D:7      | Reached ** piety under the Shining One
  7733 | D:7      | Reached skill level 1 in Invocations
  7818 | D:7      | Found an oddly glowing altar of Pakellas.
  8359 | D:7      | Gained mutation: Your muscles are strong. (Str +2) [potion of beneficial mutation]
  8422 | D:8      | Found Iblelax's Distillery.
  8441 | D:8      | Bought a potion of curing for 36 gold pieces
  8441 | D:8      | Bought a potion of heal wounds for 60 gold pieces
  8441 | D:8      | Bought a potion of berserk rage for 60 gold pieces
  8441 | D:8      | Bought a potion of agility for 48 gold pieces
  8441 | D:8      | Bought a potion of degeneration for 12 gold pieces
  8656 | D:8      | Reached skill level 10 in Axes
  8666 | D:8      | Found a staircase to the Lair.
  9092 | D:8      | Found a shattered altar of Ashenzari.
  9371 | D:9      | Reached skill level 10 in Shields
  9414 | D:10     | Entered Level 10 of the Dungeon
  9414 | D:10     | Reached *** piety under the Shining One
  9421 | D:10     | Reached skill level 5 in Fighting
  9433 | D:10     | Noticed a komodo dragon
  9455 | D:9      | Killed a komodo dragon
  9455 | D:9      | Reached XP level 11. HP: 79/79 MP: 14/14
 10018 | D:10     | Found a glowing golden altar of the Shining One.
 10126 | D:10     | Reached skill level 11 in Axes
 10126 | D:10     | Reached skill level 5 in Invocations
 10344 | D:11     | Noticed an unseen horror
 10353 | D:11     | Killed an unseen horror
 10467 | D:11     | Noticed Maud
 11151 | Lair:1   | Entered Level 1 of the Lair of Beasts
 11305 | Lair:1   | Noticed Joseph
 11319 | Lair:1   | Killed Joseph
 12007 | Lair:1   | Reached XP level 12. HP: 84/89 MP: 16/16
 12252 | Lair:2   | Noticed a seven-headed hydra
 12264 | Lair:2   | Found a frozen archway.
 12268 | IceCv    | Entered an ice cave
 12669 | IceCv    | Reached skill level 12 in Axes
 13063 | IceCv    | Noticed a death yak
 13067 | IceCv    | Noticed a death yak
 13067 | IceCv    | Reached **** piety under the Shining One
 13108 | IceCv    | Killed a death yak
 13123 | IceCv    | Killed a death yak
 13123 | IceCv    | Reached skill level 10 in Armour
 13715 | IceCv    | Noticed a frost giant
 13727 | IceCv    | Killed a frost giant
 13941 | IceCv    | Reached XP level 13. HP: 89/98 MP: 17/19
 14051 | Lair:2   | Reached skill level 13 in Axes
 14301 | Lair:2   | Killed a seven-headed hydra
 14923 | Lair:3   | Found a dark tunnel.
 14923 | Lair:3   | Noticed a four-headed hydra
 14953 | Lair:3   | Killed a four-headed hydra
 15161 | Volcano  | Entered a volcano
 15317 | Volcano  | Found a radiant altar of Vehumet.
 15317 | Volcano  | Noticed an ogre mage
 15330 | Volcano  | Killed an ogre mage
 15941 | Lair:3   | Noticed an eight-headed hydra
 15956 | Lair:3   | Killed a four-headed hydra
 16012 | Lair:3   | Noticed a four-headed hydra
 16015 | Lair:3   | Killed a two-headed hydra
 16015 | Lair:3   | Reached skill level 14 in Axes
 16080 | Lair:3   | Noticed a seven-headed hydra
 16089 | Lair:3   | Killed a two-headed hydra
 16600 | Lair:4   | Got a crystal long sword
 16769 | Lair:4   | Reached XP level 14. HP: 107/109 MP: 21/21
 17020 | Lair:4   | Noticed Harold
 17030 | Lair:4   | Killed Harold
 17030 | Lair:4   | Reached skill level 10 in Invocations
 17221 | Lair:4   | Reached skill level 10 in Fighting
 17323 | Lair:5   | Found a staircase to the Snake Pit.
 18302 | Lair:6   | Found a staircase to the Swamp.
 18383 | Lair:6   | Reached skill level 15 in Axes
 18398 | Lair:6   | Identified the +4 long sword of the Stoat {freeze, rF- Str+3 Int+8} (You found it on level 4 of the Lair of Beasts)
 18761 | Lair:6   | Got a faintly glowing shield
 18762 | Lair:6   | Identified the +3 shield of Patience {Slay+5} (You found it on level 6 of the Lair of Beasts)
 19283 | Lair:7   | Found a stormy altar of Qazlal.
 19912 | Lair:8   | Entered Level 8 of the Lair of Beasts
 19964 | Lair:8   | Found a viscous altar of Jiyva.
 19965 | Lair:8   | Found a staircase to the Slime Pits.
 20072 | Lair:8   | Reached XP level 15. HP: 118/118 MP: 23/23
 21137 | Lair:8   | Reached skill level 16 in Axes
 21676 | Lair:6   | Reached skill level 1 in Dodging
 21948 | D:6      | Killed Menkaure
 22128 | D:5      | Killed schammes's ghost
 22225 | D:8      | Bought a potion of mutation for 30 gold pieces
 22225 | D:8      | Bought a potion of cure mutation for 300 gold pieces
 22225 | D:8      | Bought a potion of might for 48 gold pieces
 22354 | D:11     | Killed Maud
 22419 | D:11     | Noticed Maurice
 22427 | D:11     | Killed Maurice
 22855 | D:11     | Got a smoking tin amulet
 22856 | D:11     | Identified the amulet of Cuthrom {Inacc Fragile rElec Str-3 Stlth+} (You found it on level 11 of the Dungeon)
 23346 | D:12     | Reached ***** piety under the Shining One
 23575 | D:12     | Found a staircase to the Orcish Mines.
 23662 | D:12     | Got a faintly glowing trident
 24419 | D:13     | Reached XP level 16. HP: 127/127 MP: 25/25
 24672 | D:14     | Found a gate to the Vaults.
 24981 | D:14     | Reached ****** piety under the Shining One
 25182 | D:14     | Reached skill level 5 in Dodging
 25216 | D:14     | Found an ancient bone altar of Kikubaaqudgha.
 25420 | D:15     | Entered Level 15 of the Dungeon
 25478 | D:15     | Found a staircase to the Depths.
 25997 | D:15     | Reached skill level 17 in Axes
 26165 | D:15     | Identified the +1 trident of Doom {pierce, Int+2} (You found it on level 12 of the Dungeon)
 26239 | Orc:1    | Entered Level 1 of the Orcish Mines
 26286 | Orc:1    | Found a flagged portal.
 26314 | Bailey   | Entered a bailey
 26314 | Bailey   | Noticed SaintRoka's ghost (novice TrMo)
 26322 | Bailey   | Killed SaintRoka's ghost
 26515 | Bailey   | Reached XP level 17. HP: 135/135 MP: 26/26
 26825 | Orc:1    | Noticed Erica
 26833 | Orc:1    | Killed Erica
 27403 | Orc:2    | Entered Level 2 of the Orcish Mines
 27608 | Orc:2    | Noticed Donald
 27641 | Orc:1    | Killed Donald
 27849 | Orc:2    | Found Muunkoku's Jewellery Emporium.
 27850 | Orc:2    | Reached XP level 18. HP: 136/143 MP: 28/28
 27872 | Orc:2    | Bought a cursed -6 ring of evasion for 24 gold pieces
 27926 | Orc:2    | Found Qesicysask's Antique Armour Emporium.
 27932 | Orc:2    | Found a staircase to the Elven Halls.
 28014 | Orc:2    | Found a radiant altar of Vehumet.
 28021 | Orc:2    | Found Haomucesm's General Store.
 28148 | Orc:2    | Found Esaivekk's Antique Weapon Shop.
 28694 | Orc:2    | Bought an uncursed ring of poison resistance for 240 gold pieces
 28728 | Elf:1    | Entered Level 1 of the Elven Halls
 29373 | Swamp:1  | Entered Level 1 of the Swamp
 29581 | Swamp:1  | Got a bloodstained plate armour
 29582 | Swamp:1  | Identified the +9 plate armour "Quiz" {*Confuse rPois rCorr Int+3} (You found it on level 1 of the Swamp)
 30124 | Swamp:2  | Reached skill level 18 in Axes
 30988 | Swamp:3  | Noticed Nikola
 31008 | Swamp:3  | Killed Nikola
 31405 | Swamp:3  | Noticed Roxanne
 31504 | Swamp:3  | Killed Roxanne
 31506 | Swamp:3  | Identified Roxanne's Catalogue of Moulding (You took it off Roxanne on level 3 of the Swamp)
 31583 | Swamp:4  | Entered Level 4 of the Swamp
 31827 | Swamp:4  | Reached skill level 10 in Dodging
 31834 | Swamp:4  | Reached XP level 19. HP: 130/152 MP: 23/29
 31860 | Swamp:4  | Reached skill level 15 in Armour
 31916 | Swamp:4  | Got a decaying rune of Zot
 32737 | Snake:1  | Entered Level 1 of the Snake Pit
 32948 | Snake:1  | Reached skill level 19 in Axes
 34624 | Snake:3  | Noticed Saint Roka
 34648 | Snake:3  | Killed Saint Roka
 35301 | Snake:3  | Reached skill level 15 in Fighting
 35463 | Snake:3  | Reached XP level 20. HP: 158/162 MP: 27/30
 35813 | Snake:4  | Entered Level 4 of the Snake Pit
 35838 | Snake:4  | Found Wodda's Assorted Antiques.
 35911 | Snake:4  | Bought a potion of might for 124 gold pieces
 35911 | Snake:4  | Bought a scroll of identify for 62 gold pieces
 35911 | Snake:4  | Bought 2 scrolls of immolation for 217 gold pieces
 35911 | Snake:4  | Bought a potion of mutation for 77 gold pieces
 37384 | Snake:4  | Reached skill level 20 in Axes
 38592 | Snake:4  | Got a serpentine rune of Zot
 39385 | Snake:4  | Reached XP level 21. HP: 159/171 MP: 29/31
 40138 | Lair:2   | Upgraded the game from 0.18.1-48-g4cf74bf to 0.18.1-50-g88ac8fd
 40443 | Elf:1    | Reached skill level 1 in Crossbows
 40679 | Elf:1    | Cast into level 3 of the Abyss (a deep elf sorcerer)
 40712 | Abyss:3  | Reached skill level 21 in Axes
 40885 | Elf:1    | Escaped the Abyss
 42526 | Elf:2    | Reached XP level 22. HP: 180/180 MP: 32/32
 42685 | Elf:2    | Reached skill level 5 in Crossbows
 42911 | Elf:2    | Found a runed gate.
 42912 | Elf:2    | Found a runed gate.
 42918 | Elf:2    | Found a runed gate.
 44130 | Vaults:1 | Entered Level 1 of the Vaults
 44220 | Vaults:1 | Got a slimy battleaxe
 44221 | Vaults:1 | Identified the +4 battleaxe of Fragile Peace {freeze, MR+} (You found it on level 1 of the Vaults)
 44900 | Vaults:1 | Found Hinn's Magic Scroll Shop.
 45337 | Vaults:2 | Noticed Jorgrun
 45342 | Vaults:2 | Killed Jorgrun
 45342 | Vaults:2 | Reached skill level 22 in Axes
 46288 | Vaults:2 | Reached XP level 23. HP: 159/188 MP: 29/33
 46886 | Vaults:2 | Found Gecvu's General Store.
 46894 | Vaults:2 | Bought a +0 plate armour of poison resistance for 567 gold pieces
 46894 | Vaults:2 | Bought a scroll of identify for 42 gold pieces
 46894 | Vaults:2 | Bought a scroll of identify for 42 gold pieces
 46894 | Vaults:2 | Bought a scroll of enchant weapon for 157 gold pieces
 47029 | Vaults:2 | Noticed Asterion
 47042 | Vaults:2 | Killed Asterion
 47759 | Vaults:3 | Got a faintly glowing war axe
 47760 | Vaults:3 | Identified the +9 war axe "Newtslayer" {holy, Str+6} (You found it on level 3 of the Vaults)
 48906 | Vaults:3 | Found a staircase to the Crypt.
 49495 | Vaults:4 | Noticed Boris
 49516 | Vaults:4 | Killed Boris
 49574 | Vaults:4 | Reached XP level 24. HP: 181/197 MP: 29/34
 49833 | Vaults:4 | Reached skill level 15 in Invocations
 51168 | Vaults:2 | Reached skill level 23 in Axes
 52008 | Vaults:5 | Entered Level 5 of the Vaults
 52083 | Vaults:5 | Reached XP level 25. HP: 105/204 MP: 20/34
 52349 | Vaults:5 | Got a warped scale mail
 52381 | Vaults:5 | Identified the +1 scale mail of Dithmenos's Delight {MR- Regen+ Dex+2} (You found it on level 5 of the Vaults)
 52485 | Vaults:5 | Found Zead's Antique Weapon Shoppe.
 52654 | Vaults:5 | Reached skill level 15 in Shields
 53222 | Vaults:5 | Noticed Mennas
 53247 | Vaults:5 | Noticed Jory
 53276 | Vaults:5 | HP: 8/205 [titan/the air (16)]
 53282 | Vaults:5 | HP: 9/205 [ogre mage/whip (2)]
 53293 | Vaults:5 | Killed from afar by a titan

Skill      XL: |  1  2  3  4  5  6  7  8  9 10 11 12 13 14 15 16 17 18 19 20 21 22 23 24 25 |
---------------+----------------------------------------------------------------------------+-----
Shields        | 4 5 6 7 9 10 11 12 13 14 15 | 15.1
Axes           | 3 4 5 6 7 9 10 11 12 14 15 16 17 18 19 20 21 22 23 | 23.5
Armour         | 4 6 7 8 9 10 11 12 13 14 15 16 17 18 19 | 19.0
Invocations    | 4 6 8 9 11 12 13 14 15 | 15.9
Fighting       | 5 6 8 9 11 12 13 14 15 16 17 18 | 18.4
Dodging        | 3 6 7 10 11 12 13 | 13.0
Crossbows      | 4 7 8 9 |  9.0

Action                   |  1- 3 |  4- 6 |  7- 9 | 10-12 | 13-15 | 16-18 | 19-21 | 22-24 | 25-27 || total
-------------------------+-------+-------+-------+-------+-------+-------+-------+-------+-------++-------
Melee: War axe           |   143 |   150 |   598 |   854 |    97 |       |       |   647 |       ||  2489
       Battleaxe         |       |       |       |       |   804 |   830 |  1048 |   728 |   115 ||  3525
       Great mace        |       |       |       |       |    16 |       |       |       |       ||    16
 Fire: Blowgun           |       |       |    11 |       |       |       |       |       |       ||    11
       Arbalest          |       |       |       |       |       |       |       |     2 |       ||     2
Throw: Throwing net      |       |       |       |     1 |       |       |       |       |       ||     1
Invok: Recite            |       |       |     4 |       |       |       |       |       |       ||     4
       Vitalisation      |       |       |     1 |       |       |       |       |       |       ||     1
       Divine Shield     |       |       |       |     7 |     9 |     7 |     4 |     5 |     2 ||    34
       Cleansing Flame   |       |       |       |       |       |       |     1 |       |       ||     1
 Abil: Dig               |       |       |     4 |    14 |    12 |     6 |     5 |     2 |       ||    43
       Evoke Flight      |       |       |       |       |       |     1 |     1 |       |       ||     2
       Stop Flying       |       |       |       |       |       |       |       |       |     1 ||     1
Evoke: Wand              |       |       |       |     2 |     6 |       |     1 |       |       ||     9
       Phial of floods   |       |       |       |       |       |     1 |       |       |       ||     1
       Fan of gales      |       |       |       |       |       |       |       |       |     1 ||     1
  Use: Potion            |       |     1 |     5 |     5 |     2 |     6 |    11 |     3 |     4 ||    37
       Scroll            |       |       |    12 |    10 |    14 |     7 |     3 |     3 |     6 ||    55
 Stab: Confused          |       |       |     1 |       |       |       |       |       |       ||     1
  Eat: Chunk             |     1 |     1 |    11 |    19 |    20 |    22 |    13 |    23 |       ||   110
       Bread ration      |       |     1 |       |       |     2 |       |     3 |     1 |     1 ||     8
       Royal jelly       |       |       |     1 |     1 |       |     1 |     2 |       |       ||     5
       Beef jerky        |       |       |     1 |     2 |       |     2 |     2 |       |       ||     7
       Pizza             |       |       |     1 |       |     1 |       |       |       |       ||     2
       Fruit             |       |       |       |     2 |     1 |       |     7 |     4 |       ||    14
       Meat ration       |       |       |       |       |     1 |       |       |       |       ||     1
Armor: Scale mail        |    43 |    33 |       |       |       |       |       |       |       ||    76
       Chain mail        |       |    31 |   231 |   293 |   296 |   158 |   197 |    68 |       ||  1274
       Plate armour      |       |       |       |       |       |       |       |   127 |       ||   127
       Crystal plate arm |       |       |       |       |       |       |       |    47 |    82 ||   129
Dodge: Dodged            |    38 |    57 |   129 |   166 |   154 |   213 |   295 |   295 |    83 ||  1430
Block: Shield            |    66 |    72 |   303 |   602 |   558 |   510 |   724 |   759 |   217 ||  3811
